 Dungeon Crawl Stone Soup version 0.27.0-1-g7a089689b8 (webtiles) character file.

Game seed: 1320073800687906808

892 rng29 the Conjurer (level 7, -1/78 HPs)
             Began as a Green Draconian Conjurer on Aug 3, 2021.
             Was a Believer of Qazlal.
             Slain by Pikel (16 damage)
             ... on level 5 of the Dungeon.
             The game lasted 00:39:35 (4491 turns).

rng29 the Conjurer (Green Draconian Conjurer)       Turns: 4491, Time: 00:39:38

Health: -1/78      AC: 23    Str:  9    XL:     7   Next: 78%
Magic:  2/14       EV:  2    Int: 21    God:    Qazlal [**....]
Gold:   125        SH:  3    Dex:  9    Spells: 10/16 levels left

rFire    . . .     SeeInvis .   w - +4 long sword
rCold    . . .     Faith    .   (no shield)
rNeg     + + +     Spirit   .   (armour unavailable)
rPois    +         Reflect  .   (helmet currently unavailable)
rElec    .         Harm     .   (cloak currently unavailable)
rCorr    .         Rampage  .   (gloves currently unavailable)
Will     .....     NoTele   +   (boots currently unavailable)
Stlth    +.........             (no amulet)
HPRegen  0.23/turn              (no ring)
MPRegen  0.14/turn              (no ring)

@: brilliant, tree-form
A: stationary, stasis, torment immunity, boosted hp, (breathe noxious fumes), AC
+6, unfitting armour, (poison resistance), (cold-blooded)
a: Renounce Religion, Upheaval


You were on level 5 of the Dungeon.
You worshipped Qazlal.
Qazlal was pleased with you.
You were a tree.
You visited 1 branch of the dungeon, and saw 5 of its levels.

You collected 125 gold pieces.

Inventory:

Hand Weapons
 r - a +2 dagger of draining
 u - a +3 hand axe
 w - a +4 long sword (weapon)
Missiles
 c - a throwing net
Armour
 m - a +1 hat (melded)
Jewellery
 g - a ring of fire
Scrolls
 a - a scroll of amnesia
 k - a scroll of identify
 l - a scroll of enchant weapon
 o - a scroll of torment
Potions
 b - a potion of curing
 e - a potion of invisibility {unknown}
 f - 2 potions of resistance
 i - a potion of heal wounds {unknown}
 j - a potion of flight
 p - a potion of attraction {unknown}
 s - a potion of magic {unknown}
 t - a potion of lignification
 v - a potion of berserk rage {unknown}


   Skills:
 + Level 1.6 Fighting
 + Level 3.7 Dodging
 - Level 2.2 Stealth
 + Level 0.7 Shields
 + Level 5.1 Spellcasting
 + Level 6.9 Conjurations


You had 10 spell levels left.
You knew the following spells:

 Your Spells              Type           Power      Damage    Failure   Level
a - Magic Dart            Conj           100%       1d8       1%          1
b - Searing Ray           Conj           100%       3d7       1%          2
c - Dazzling Flash        Conj/Hex       58%        N/A       8%          3

Your spell library contained the following spells:

 Spells                   Type           Power      Damage    Failure   Level
 Beastly Appendage        Tmut           16%        N/A       11%         1
 Wereblood                Tmut           8%         N/A       16%         2
 Fulminant Prism          Conj/Hex       14%        3d9       26%         4
 Hailstorm                Conj/Ice       29%        3d8       26%         4
 Iskenderun's Mystic Bla  Conj/Tloc      29%        2d7       26%         4
 Spider Form              Tmut/Pois      4%         N/A       32%         3
 Ice Form                 Ice/Tmut       8%         N/A       71%         4
 Simulacrum               Ice/Necr       4%         N/A       100%        6


Dungeon Overview and Level Annotations

Branches:
Dungeon (5/15)
 Temple: D:4-7

Altars:
Nemelex Xobeh
Okawaru
Qazlal
Ru

Annotations:
D:4 Ijyb
D:5 Pikel


Innate Abilities, Weirdness & Mutations

You are a tree.
Your roots penetrate the ground, keeping you stationary.
You cannot be teleported.
You are immune to unholy pain and torment.
Your maximum health is greatly increased.
Your equipment is partially melded.
((You can breathe blasts of noxious fumes.))
((Your lurid green scales are hard. (AC +6)))
You cannot fit into any form of body armour.
((Your system is resistant to poisons. (rPois)))
((You are cold-blooded and may be slowed by cold attacks.))


Message History

* * * LOW HITPOINT WARNING * * *
The searing ray hits Pikel.
Pikel is severely wounded.
The searing ray misses the lemure.
You finish channeling your searing ray.
Pikel barely misses you. The lemure hits you.
* * * LOW HITPOINT WARNING * * *
Press: ? - help, v - describe, . - travel
Here: Pikel, wielding a +2 whip of electrocution and wearing a +0 robe (severely wounded, lightly drained)
The floor, spattered with blood.
You feel better. Pikel hits you but does no damage.
The lemure hits you but does no damage.
Throw: throwing net
Press: ? - help, Shift-Dir - straight line
Okay, then.
Unknown command.
Unknown command.
It was a potion of lignification.
You turn into a tree.
Your +1 hat melds into your body.
Your roots penetrate the ground.
Pikel hits you but does no damage. The lemure barely misses you.
Unknown command.
Unknown command.
You closely miss Pikel.
Pikel is severely wounded.
Pikel hits you but does no damage. The lemure hits you but does no damage.
w - a +4 long sword (weapon)
Pikel completely misses you.
You riposte.
You hit Pikel but do no damage.
Pikel is severely wounded.
You barely miss Pikel.
Pikel is severely wounded.
The lemure hits you but does no damage. Pikel hits you but does no damage.
You are electrocuted!
* * * LOW HITPOINT WARNING * * *
You hit Pikel.
Pikel is severely wounded.
The lemure hits you.
* * * LOW HITPOINT WARNING * * *
Pikel hits you with a +2 whip of electrocution.
* * * LOW HITPOINT WARNING * * *
You are electrocuted!
You die...

#.....####........[.....# *,,
***################..#.....#
*,, ,,,,*#.......# ##.#.....#
*** ,,,,,+.......# #.#...[.#
,,,,*#.......# #...#.####
,,,,*#.$...K.#######†..#....#
*,,,*####.##....)[.....#.##.#
,,,,,* #.*#.########..####.#
,*,,,* #5*#5#..♣5.###>.....#
,*,,,* #.*#.##K##.# ########
,*,,,* #K*#.##5##.# ,,,,,*
#5*#....##.# *,,,,*
#5*####....# ,,****
#,*#.##....# ,,* #5##.5.....#
,,******#..5.##...##
,,,,,,,*####.##...#


You could see Pikel (drained) and 2 lemures.

Vanquished Creatures
  An ice beast (D:5)
  A necrophage (D:5)
  A lemure (D:5)
  A phantom (D:5)
  Blork the orc (D:5)
  A scorpion (D:5)
  5 wights (D:5)
  3 hounds
  2 iguanas
  An orc wizard (D:5)
  5 adders
  A worm (D:4)
  2 dart slugs
  2 orcs
  9 bats
  8 endoplasms
  5 giant cockroaches
  16 hobgoblins
  3 jackals (D:2)
  10 kobolds
  3 quokkas (D:1)
  11 ball pythons
  5 frilled lizards
  5 goblins
  5 rats
107 creatures vanquished.

Notes
Turn   | Place    | Note
-------+----------+-------------------------------------------
     0 | D:1      | rng29 the Draconian Conjurer began the quest for the Orb.
     0 | D:1      | Reached XP level 1. HP: 14/14 MP: 3/3
   180 | D:1      | Reached XP level 2. HP: 20/20 MP: 0/5
   183 | D:1      | Learned a level 2 spell: Searing Ray
   754 | D:1      | Reached XP level 3. HP: 24/26 MP: 4/6
  1475 | D:2      | Reached skill level 5 in Conjurations
  1475 | D:2      | Reached XP level 4. HP: 31/33 MP: 2/8
  1864 | D:2      | Found a faded altar of an unknown god.
  1889 | D:2      | Became a worshipper of Qazlal Stormbringer
  1889 | D:2      | Reached * piety under Qazlal
  2302 | D:3      | Reached XP level 5. HP: 29/39 MP: 9/9
  2448 | D:4      | Noticed Ijyb
  2622 | D:3      | Found an iron altar of Okawaru.
  2920 | D:4      | Learned a level 3 spell: Dazzling Flash
  3176 | D:3      | Found a sacrificial altar of Ru.
  3466 | D:3      | Found a sparkling altar of Nemelex Xobeh.
  3702 | D:5      | Entered Level 5 of the Dungeon
  3763 | D:5      | Noticed Blork the orc
  3770 | D:5      | Killed Blork the orc
  3770 | D:5      | Reached ** piety under Qazlal
  3771 | D:5      | Reached XP level 6. HP: 6/46 MP: 2/11
  3862 | D:5      | Noticed an ice beast
  3869 | D:5      | Killed an ice beast
  3870 | D:5      | Reached skill level 6 in Conjurations
  3949 | D:5      | Reached skill level 1 in Fighting
  4069 | D:5      | Your scales start taking on a lurid green colour.
  4069 | D:5      | Reached XP level 7. HP: 48/52 MP: 8/13
  4069 | D:5      | Gained mutation: Your system is resistant to poisons.
                  | (rPois) [Green Draconian growth]
  4429 | D:5      | Reached skill level 5 in Spellcasting
  4437 | D:5      | Noticed Pikel
  4491 | D:5      | Slain by Pikel

Illustrated notes

Levels and vault maps discovered:
D:1:      dpeg_arrival_arbitrary_c, layout_rooms, st_stairs_9,
          minmay_misc_feat_more_columns
D:2:      layout_rooms, chequers_ecumenical_altar_twisty, minmay_hexomino_u4
D:3:      layout_basic, nemelex_altar_shiori, nicolae_ru_sacrificial_ziggurat,
          okawaru_metal_pillars_1_2, chequers_serial_rivers_micro_a
D:4:      minmay_razor_zed, layout_cave_pools, uniq_ijyb, uniq_robin
D:5:      minmay_evil_eye, layout_basic, nicolae_ossuary_entry_ruins,
          minmay_misc_feat_five, uniq_sigmund, uniq_blork_the_orc, uniq_pikel

Skill      XL: |  1  2  3  4  5  6  7 |
---------------+----------------------+-----
Dodging        | 2 3 |  3.7
Stealth        | 2 |  2.2
Conjurations   | 5 6 |  6.9
Spellcasting   | 3 4 5 |  5.1
Fighting       | 1 |  1.6
Shields        | |  0.7

Action                   |  1- 3 |  4- 6 |  7- 9 || total
-------------------------+-------+-------+-------++-------
Melee: Unarmed           |     8 |       |       ||     8
       Club              |     9 |       |       ||     9
       Short sword       |    36 |    28 |       ||    64
       Tailslap          |     3 |     4 |     1 ||     8
       Dagger            |       |     4 |    18 ||    22
       Long sword        |       |       |     5 ||     5
       Hand axe          |       |       |     3 ||     3
 Cast: Magic Dart        |    55 |    60 |    10 ||   125
       Searing Ray       |     5 |    15 |     8 ||    28
       Dazzling Flash    |       |       |     1 ||     1
  Use: Potion            |     1 |     3 |     3 ||     7
       Scroll            |       |     2 |     4 ||     6
 Stab: Sleeping          |     1 |       |       ||     1
Armor: Skin              |    20 |    16 |    14 ||    50
Dodge: Dodged            |    59 |    34 |    34 ||   127
Block: Other             |       |     2 |     5 ||     7
       Rpst.: Long sword |       |       |     6 ||     6
